 Dungeon Crawl Stone Soup version 0.19-a0-1206-g6bcb79c (webtiles) character file.

99 JustSomeDude the Skirmisher (level 4, 0/36 HPs)
             Began as a Demonspawn Fighter on Aug 21, 2016.
             Slain by a phantom (4 damage)
             ... on level 4 of the Dungeon.
             The game lasted 00:01:45 (1567 turns).

JustSomeDude the Skirmisher (Demonspawn Fighter)    Turns: 1567, Time: 00:01:46

Health: 0/36       AC:  7    Str: 23    XL:     4   Next: 45%
Magic:  4/4        EV:  8    Int:  9    God:
Gold:   112        SH:  9    Dex: 12    Spells: 0 memorised, 3 levels left

rFire  . . .     SeeInvis .     a - +0 war axe
rCold  . . .     Gourm    .     b - +0 scale mail
rNeg   . . .     Faith    .     c - +0 shield
rPois  .         Spirit   .     (no helmet)
rElec  .         Dismiss  .     (no cloak)
rCorr  .         Reflect  .     (no gloves)
MR     .....     Harm     .     (no boots)
Stlth  ..........               (no amulet)
                                (no ring)
                                (no ring)

@: mighty
A: rugged brown scales 1, rot immunity
a: no special abilities


You were on level 4 of the Dungeon.
You were not hungry.

You visited 1 branch of the dungeon, and saw 5 of its levels.

You collected 162 gold pieces.
You spent 50 gold pieces at shops.

Inventory:

Hand Weapons
 a - a +0 war axe (weapon)
Armour
 b - a +0 scale mail (worn)
 c - a +0 shield (worn)
Scrolls
 e - 4 scrolls of teleportation {unknown}
 k - 3 scrolls of remove curse {unknown}
 l - 3 scrolls of identify {unknown}
 m - a scroll of enchant weapon {unknown}
 n - 2 scrolls of magic mapping {unknown}
Potions
 g - a potion of flight {unknown}
 i - a potion of curing {unknown}
 j - a potion of cancellation {unknown}
 o - a potion of magic {unknown}
Comestibles
 f - a bread ration
 h - a beef jerky
 p - a meat ration
 q - a chunk of flesh


   Skills:
 + Level 3.5 Fighting
 + Level 2.4 Axes
 + Level 3.2 Armour
 + Level 1.3 Dodging
 + Level 3.2 Shields


You had 3 spell levels left.
You didn't know any spells.

Dungeon Overview and Level Annotations

Branches:
Dungeon (5/15)
 Temple: D:4-7

Altars:

Shops:
D:4 *


Innate Abilities, Weirdness & Mutations

You are partially covered in rugged brown scales. (AC +1, +3% HP)
You are immune to rotting.


Message History

A phantom comes into view.
You closely miss the worker ant.
The worker ant is moderately wounded.
The worker ant bites you but does no damage. x2
The iguana bites you!
You closely miss the worker ant.
The worker ant is moderately wounded.
You closely miss the iguana. You block the worker ant's attack.
The iguana closely misses you.
The worker ant bites you but does no damage.
You slash the worker ant!
The worker ant is almost dead.
You hit the iguana. You block the iguana's attack.
You block the worker ant's attack. The iguana bites you!
* * * LOW HITPOINT WARNING * * *
You feel very mighty all of a sudden. You block the worker ant's attack.
The iguana bites you.
* * * LOW HITPOINT WARNING * * *
The phantom hits you.
You die...

##)###.##### ##.#..#.##
####.# ### ######......###
.....# #.......⌠.⌠...#
############.....#..∩..#.#
#.........##.....#.⌠.⌠.....#
#.........##.....##..#.#####
..........##.....+.....#
..........##.....###...#
..........##....@l.#...#
..##########...Wa#.#.... ..#
#............ ..#
#........... ###
##......#..#. # #......#l...
# #....... ... # #.....#.# #


You could see a phantom, an iguana and a worker ant.

Vanquished Creatures
  A worker ant (D:4)
  3 adders
  2 worms
  A dart slug (D:1)
  4 giant geckos
  An orc (D:4)
  A ball python (D:4)
  3 giant cockroaches
  4 goblins
  2 hobgoblins (D:2)
  2 jackals (D:2)
  3 kobolds
  7 bats
  3 rats
37 creatures vanquished.

Notes
Turn   | Place    | Note
-------+----------+-------------------------------------------
     0 | D:1      | JustSomeDude the Demonspawn Fighter began the quest for the Orb.
     0 | D:1      | Reached XP level 1. HP: 18/18 MP: 1/1
   281 | D:1      | Gained mutation: You are immune to rotting. [demonic ancestry]
   281 | D:1      | Reached XP level 2. HP: 22/24 MP: 2/2
   571 | D:2      | Gained mutation: You are partially covered in rugged brown scales. (AC +1, +3% HP) [demonic ancestry]
   571 | D:2      | Reached XP level 3. HP: 14/29 MP: 3/3
  1085 | D:3      | Reached skill level 1 in Dodging
  1296 | D:3      | You fall through a shaft for 2 floors!
  1296 | D:5      | Entered Level 5 of the Dungeon
  1381 | D:4      | Found Kuuruss's Assorted Antiques.
  1402 | D:4      | Reached XP level 4. HP: 22/36 MP: 4/4
  1542 | D:4      | Bought a scroll labeled QIZECA RENGEGG for 25 gold pieces
  1542 | D:4      | Bought a scroll labeled QIZECA RENGEGG for 25 gold pieces
  1564 | D:4      | Noticed a phantom
  1567 | D:4      | Slain by a phantom

Vault maps used:
D:1:      ncdulo_watergridlock
D:3:      serial_forest, infiniplex_forest_clump_curved,
          infiniplex_forest_clump_medium, infiniplex_forest_clump_diagonal,
          infiniplex_forest_straight_2, infiniplex_forest_end_1,
          infiniplex_forest_lined_corner, infiniplex_forest_clump_curved,
          infiniplex_forest_straight_1, uniq_grinder, uniq_sigmund
D:4:      serial_shops, shop_fountains
D:5:      regret_index_temple_of_mockery, nemelex_altar_shiori, first_bread

Skill      XL: |  1  2  3 |
---------------+----------+-----
Axes           | 2 |  2.4
Armour         | 3 |  3.2
Shields        | 3 |  3.2
Dodging        | 1 |  1.3
Fighting       | |  3.5

Action                   |  1- 3 |  4- 6 || total
-------------------------+-------+-------++-------
Melee: War axe           |   163 |    12 ||   175
  Use: Potion            |       |     1 ||     1
  Eat: Chunk             |     2 |     1 ||     3
Armor: Scale mail        |    84 |     9 ||    93
Dodge: Dodged            |    65 |     5 ||    70
Block: Shield            |    90 |     9 ||    99
